 Dungeon Crawl Stone Soup version 0.18-a0-1396-g8753ca6 (webtiles) character file.

3204 brucemayne the Cleaver (level 9, -2/66 HPs)
             Began as a Demonspawn Gladiator on Feb 23, 2016.
             Was a Believer of Makhleb.
             Slain by an ogre
             ... wielding a +0 giant spiked club
              (10 damage)
             ... on level 11 of the Dungeon.
             The game lasted 00:21:27 (2738 turns).

brucemayne the Cleaver (Demonspawn Gladiator)       Turns: 2738, Time: 00:21:27

Health: -2/66      AC: 15    Str: 17    XL:     9   Next: 65%
Magic:  13/13      EV:  8    Int:  9    God:    Makhleb [**....]
Gold:   107        SH:  0    Dex: 16    Spells: 0 memorised, 8 levels left

rFire  . . .     SeeInvis .     n - +2 war axe (flame)
rCold  . . .     Gourm    .     j - +0 plate armour
rNeg   . . .     Faith    .     (no shield)
rPois  .         Spirit   .     h - +1 helmet
rElec  .         Dismiss  .     D - +0 cloak
rCorr  .         Reflect  .     q - +0 pair of gloves
SustAt .         Harm     .     L - +0 pair of boots
MR     .....                    c - amulet of rage
Stlth  ..........               (no ring)
                                (no ring)

@: not resistant to hostile enchantments, extremely unstealthy
A: spiny 2, sturdy frame 2
a: Minor Destruction, Renounce Religion, Evoke Berserk Rage


You were on level 11 of the Dungeon.
You worshipped Makhleb.
Makhleb was pleased with you.
You were not hungry.

You visited 2 branches of the dungeon, and saw 12 of its levels.

You collected 236 gold pieces.
You spent 129 gold pieces at shops.

Inventory:

Hand Weapons
 a - a +0 war axe of flaming
 n - a +2 war axe of flaming (weapon)
Missiles
 o - 8 needles of sleeping
 p - 8 needles of slowing
 G - 6 javelins (quivered)
 H - 8 curare-tipped needles
Armour
 b - a +0 leather armour
 h - a +1 helmet (worn)
 j - a +0 plate armour (worn)
 l - a +2 shield
 q - a +0 pair of gloves (worn)
 t - a +0 ring mail
 D - a +0 cloak (worn)
 I - a cursed -2 chain mail
 L - a +0 pair of boots (worn)
Magical Staves
 C - an uncursed staff of air {unknown}
Jewellery
 c - an amulet of rage (around neck)
Wands
 u - a wand of acid (0/15)
 y - a wand of slowing (36/48)
 z - a wand of polymorph (10/24)
 B - a wand of slowing (22/48)
 F - a wand of flame (17/48)
 J - a wand of iceblast (7/15)
Scrolls
 d - a scroll of noise
 e - 4 scrolls of remove curse
 w - 2 scrolls of fog
 A - a scroll of enchant armour {unknown}
 E - a scroll of immolation
Potions
 m - a potion of degeneration {unknown}
 r - a potion of agility {unknown}
 s - a potion of cure mutation {unknown}
 v - a potion of resistance {unknown}
 N - a potion of brilliance {unknown}
Books
 i - a book of Unlife

   Spells                             Type                      Level
   a - Recall                         Summoning/Translocation      3
   b - Animate Dead                   Necromancy                   4
   c - Control Undead                 Necromancy                   4
   d - Cigotuvi's Embrace             Necromancy                   5
   e - Death Channel                  Necromancy                   6
   f - Simulacrum                     Ice/Necromancy               6
 k - a book of Debilitation

   Spells                             Type                      Level
   a - Corona                         Hexes                        1
   b - Slow                           Hexes                        2
   c - Gell's Gravitas                Hexes/Translocation          3
   d - Inner Flame                    Hexes/Fire                   3
   e - Cause Fear                     Hexes                        4
   f - Leda's Liquefaction            Hexes/Earth                  4
Comestibles
 f - 8 bread rations
 g - 2 royal jellies
 x - 3 meat rations
 K - 2 chunks of flesh


   Skills:
 - Level 4.5 Fighting
 + Level 11.3 Axes
 - Level 1.7 Throwing
 - Level 2.6 Dodging
 - Level 5.5 Invocations
 + Level 0.8 Evocations


You had 8 spell levels left.
You didn't know any spells.

Dungeon Overview and Level Annotations

Branches:
Dungeon (11/15)            Temple (1/1) D:5
   Lair: D:8-11         Orc: D:9-12

Altars:
Ashenzari
Cheibriados
Elyvilon
Fedhas
Gozag
Kikubaaqudgha
Makhleb
Nemelex Xobeh
Okawaru
Qazlal
Sif Muna
Trog
Vehumet
Xom
Yredelemnul
Zin
The Shining One

Shops:
D:9 (

Annotations:
D:4 Dowan
D:5 exclusion: downstairs
D:8 Maurice
D:9 exclusions: downstairs and upstairs
D:10 Maud


Innate Abilities, Weirdness & Mutations

You are mostly covered in sharp spines.
Your movements are less encumbered by armour (ER -4).


Message History

The ogre hits you with a giant spiked club!
A hound comes into view.
The hound barks!
You barely miss the ogre.
The ogre hits you with a giant spiked club!
You hit the ogre. You burn the ogre.
The ogre is lightly wounded.
Your plate armour prevents you from hitting the ogre.
The ogre is lightly wounded.
The ogre hits you with a giant spiked club!
* * * LOW HITPOINT WARNING * * *
You slash the ogre! You burn the ogre.
The ogre is heavily wounded.
The ogre closely misses you.
You hit the ogre. You burn the ogre.
The ogre is severely wounded.
You barely miss the ogre.
The ogre is severely wounded.
The ogre hits you with a giant spiked club!
You die...

#.# #.# #.# #####.#
###### ...##.# ##.....##
...##)# #.......# ...##(#
#........
...##.###########........
....(...........@........
...##.###########O......#
##.##.# #....h....###
.....# #.........#
#...... #.........#
....... .............#
######## ####........##
#.##....... +. #.....##..


You could see an ogre and a hound.

Vanquished Creatures
  A troll (D:9)
  Grinder (D:6)
  A wyvern (D:8)
  A spriggan (D:7)
  2 hippogriffs (D:9)
  A hungry ghost (D:9)
  Duvessa (D:4)
  An ice beast (D:10)
  3 orc warriors
  3 ogres
  A centaur (D:10)
  A phantom (D:10)
  4 giant frogs
  A wyvern skeleton (D:8)
  A water moccasin skeleton (D:6)
  3 crimson imps
  A jelly (D:6)
  5 orc priests
  A centaur skeleton (D:9)
  4 hounds
  4 orc wizards
  2 worker ants
  A worker ant zombie (D:6)
  Robin (D:3)
  7 gnolls
  6 adders
  3 howler monkey skeletons
  A shadow imp (D:6)
  An ooze (D:6)
  An adder zombie (D:8)
  3 adder skeletons
  A worm (D:3)
  2 giant geckos
  33 orcs
  A giant cockroach (D:1)
  9 goblins (D:3)
  5 hobgoblins
  3 jackals (D:7)
  A kobold (D:7)
  2 quokkas
  5 bats
  A giant newt (D:3)
  A jackal zombie (D:8)
  A quokka zombie (D:6)
  3 rats (D:1)
135 creatures vanquished.

Notes
Turn   | Place    | Note
--------------------------------------------------------------
     0 | D:1      | brucemayne the Demonspawn Gladiator began the quest for the Orb.
     0 | D:1      | Reached XP level 1. HP: 16/16 MP: 1/1
    60 | D:1      | Reached skill level 3 in Axes
   100 | D:1      | Gained mutation: You are partially covered in sharp spines. [demonic ancestry]
   100 | D:1      | Reached XP level 2. HP: 20/22 MP: 2/2
   352 | D:4      | Noticed Duvessa
   355 | D:4      | Noticed Dowan
   366 | D:4      | Killed Duvessa
   366 | D:4      | Reached skill level 5 in Axes
   366 | D:4      | Gained mutation: Your movements are slightly less encumbered by armour (ER -2). [demonic ancestry]
   366 | D:4      | Reached XP level 3. HP: 12/27 MP: 3/3
   366 | D:4      | Reached XP level 4. HP: 14/33 MP: 4/4
   384 | D:3      | Noticed Robin
   402 | D:3      | Killed Robin
   402 | D:3      | Reached XP level 5. HP: 38/38 MP: 5/5
   441 | D:3      | Found a faded altar to an unknown god.
   463 | D:4      | Noticed a phantom
   526 | D:5      | Entered Level 5 of the Dungeon
   753 | D:4      | Found a snail-covered altar of Cheibriados.
   753 | D:4      | Found a shimmering altar of Xom.
   815 | D:5      | Found a staircase to the Ecumenical Temple.
   823 | Temple   | Entered the Ecumenical Temple
   966 | D:6      | Reached skill level 6 in Axes
   971 | D:6      | Gained mutation: You are mostly covered in sharp spines. [demonic ancestry]
   971 | D:6      | Reached XP level 6. HP: 25/44 MP: 6/6
   999 | D:6      | Noticed Grinder
   999 | D:6      | Paralysed by Grinder for 4 turns
  1025 | D:6      | Paralysed by Grinder for 4 turns
  1029 | D:6      | Killed Grinder
  1029 | D:6      | Reached skill level 7 in Axes
  1029 | D:6      | Gained mutation: Your movements are less encumbered by armour (ER -4). [demonic ancestry]
  1029 | D:6      | Reached XP level 7. HP: 44/50 MP: 7/7
  1039 | D:6      | Found a glowing golden altar of the Shining One.
  1108 | D:6      | Found a glowing golden altar of the Shining One.
  1109 | D:6      | Found a radiant altar of Vehumet.
  1141 | D:6      | Reached skill level 8 in Axes
  1299 | D:7      | Noticed a spriggan baker
  1305 | D:7      | Killed a spriggan baker
  1305 | D:7      | Reached skill level 9 in Axes
  1305 | D:7      | Reached XP level 8. HP: 47/56 MP: 8/8
  1406 | D:8      | Noticed Maurice
  1422 | D:7      | Found a burning altar of Makhleb.
  1428 | D:7      | Became a worshipper of Makhleb the Destroyer
  1675 | D:8      | Reached skill level 10 in Axes
  1781 | D:9      | Noticed a troll
  1802 | D:8      | Reached * piety under Makhleb
  1890 | D:9      | Noticed a slime creature
  1890 | D:9      | Noticed a slime creature
  1892 | D:9      | Noticed a slime creature
  1944 | D:9      | Noticed a slime creature
  1985 | D:9      | Found a glowing golden altar of the Shining One.
  2067 | D:9      | Found Ineb's Antique Weapon Boutique.
  2070 | D:9      | Bought a glowing war axe for 129 gold pieces
  2129 | D:10     | Entered Level 10 of the Dungeon
  2164 | D:10     | Reached skill level 1 in Invocations
  2164 | D:10     | Reached XP level 9. HP: 10/65 MP: 8/10
  2213 | D:9      | Killed a troll
  2276 | D:10     | Reached ** piety under Makhleb
  2291 | D:10     | Reached skill level 11 in Axes
  2351 | D:10     | Noticed Maud
  2497 | D:10     | Reached skill level 5 in Invocations
  2738 | D:11     | Slain by an ogre

Vault maps used:
D:1:      lightli_arrival_windingriver, nrook_mini_backslash, st_stairs_4,
          minmay_stone_trees_small
D:2:      kennysheep_generic_room_8, uniq_sigmund
D:3:      grunt_dithmenos_smoke_and_mirrors, first_bread, ecumenical_altar_2,
          uniq_robin
D:4:      grunt_pakellas_basics, gammafunk_temple_overflow_elements,
          uniq_duvessa
D:5:      minmay_temple_entry_statues_fountains, bh_walls_and_bars
D:6:      marbit_many_paths, gammafunk_temple_overflow_statue, basic_altar,
          serial_shops, nicolae_shop_competitors_out_of_business, uniq_grinder,
          uniq_menkaure
D:7:      kennysheep_little_box, serial_shops, shop_fountains, the_bakery,
          corexii_checkpoint_a, uniq_crazy_yiuf_cottage
D:8:      uniq_maurice
D:9:      serial_shops, nicolae_shop_trees, basic_altar
D:10:     orc_0_dummy, uniq_maud
D:11:     kennysheep_blocky_room, dpeg_lair_monsters
Temple:   eino_temple_water_12

Skill      XL: |  1  2  3  4  5  6  7  8  9 |
---------------+----------------------------+-----
Axes           | 3 5 6 7 9 10 11 | 11.3
Fighting       | 4 |  4.5
Invocations    | 1 5 |  5.5
Throwing       | |  1.7
Dodging        | |  2.6
Evocations     | |  0.8

Action                   |  1- 3 |  4- 6 |  7- 9 || total
-------------------------+-------+-------+-------++-------
Melee: War axe           |    32 |    47 |   193 ||   272
Throw: Throwing net      |     3 |     2 |     1 ||     6
       Javelin           |       |       |     3 ||     3
 Abil: Evoke Berserk Rag |       |       |     1 ||     1
Evoke: Wand              |       |     2 |    10 ||    12
  Use: Potion            |       |     3 |     1 ||     4
       Scroll            |       |     2 |    11 ||    13
 Stab: Held in net/web   |     1 |     1 |     1 ||     3
  Eat: Chunk             |       |       |     4 ||     4
       Fruit             |       |       |     3 ||     3
       Beef jerky        |       |       |     1 ||     1
